 Dungeon Crawl Stone Soup version 0.31.0-32-g396128a36d (webtiles) character file.

Game seed: 9006344314927965301

359 Fractals the Grave Robber (level 6, -1/51 HPs)
             Began as a Ghoul Necromancer on Apr 11, 2024.
             Slain by a phantom (4 damage)
             ... on level 3 of the Dungeon.
             The game lasted 00:18:03 (3910 turns).

Fractals the Grave Robber (Ghoul Necromancer)       Turns: 3910, Time: 00:18:04

Health: -1/51      AC:  5    Str: 14      XL:     6   Next: 65%
Magic:  11/11      EV: 11    Int: 20      God:
Gold:   181        SH:  0    Dex:  4 (9)  Spells: 7/11 levels left

rFire   + . .        v - +4 whip (drain)
rCold   + + .        (no shield)
rNeg    + + +        a - +1 robe
rPois   ∞            p - +0 helmet
rElec   +            (no cloak)
rCorr   +            (no gloves)
SInv    .            s - +0 pair of boots
Will    .....        (no amulet)
Stlth   ++           d - +6 ring of intelligence
HPRegen 0.00/turn    n - ring of flight
MPRegen 0.12/turn

%: no passive effects
@: brilliant, resistant, flying, inhibited regen
A: claws 1, cold resistance 1, negative energy resistance 3, inhibited
regeneration, torment resistance 2, devour on kill
a: no special abilities


You were on level 3 of the Dungeon.
You visited 1 branch of the dungeon, and saw 4 of its levels.
You also visited: Sewer.

You collected 220 gold pieces.
You spent 39 gold pieces at shops.

Inventory:

Hand Weapons
 v - a +4 whip of draining (weapon)
Armour
 a - a +1 robe (worn)
 g - a +0 kite shield
 p - a +0 helmet (worn)
 s - a +0 pair of boots (worn)
Magical Staves
 c - a staff of cold
Jewellery
 d - a +6 ring of intelligence (left claw)
 m - a ring of see invisible
 n - a ring of flight (right claw)
Scrolls
 h - a scroll of summoning {unknown}
 i - 2 scrolls of enchant armour
 o - a scroll of vulnerability {unknown}
 q - 2 scrolls of torment
 r - a scroll of amnesia {unknown}
 w - 2 scrolls of enchant weapon
 y - a scroll of teleportation
Potions
 b - a potion of magic
 e - 2 potions of cancellation
 j - a potion of enlightenment
 x - a potion of haste


   Skills:
 - Level 3.0 Fighting
 - Level 2.0 Dodging
 - Level 3.5 Stealth
 + Level 3.4 Spellcasting
 + Level 5.3 Necromancy
 - Level 1.0 Evocations


You had 7 spell levels left.
You knew the following spells:

 Your Spells              Type           Power      Damage    Failure   Level
a - Necrotise             Necr           100%       1d9       1%          1
b - Vampiric Draining     Necr           37%        2d8       4%          3

Your spell library contained the following spells:

 Spells                   Type           Power      Damage    Failure   Level
 Cigotuvi's Dreadful Rot  Necr/Alch/Air  30%        N/A       10%         2
 Animate Dead             Necr           37%        N/A       16%         4
 Blink                    Tloc           10%        N/A       21%         2
 Lesser Beckoning         Tloc           10%        N/A       21%         2
 Gell's Gravitas          Tloc           5%         N/A       38%         3
 Teleport Other           Tloc           5%         N/A       38%         3
 Curse of Agony           Necr           37%        N/A       38%         5
 Dimensional Bullseye     Hex/Tloc       2%         N/A       80%         4
 Manifold Assault         Tloc           5%         N/A       80%         4
 Summon Forest            Summ/Tloc      2%         N/A       98%         5
 Dispersal                Tloc           2%         N/A       100%        6
 Disjunction              Tloc           2%         N/A       100%        8


Dungeon Overview and Level Annotations

Branches:
Dungeon (4/15)              Sewer (visited)
 Temple: D:4-7

Altars:
Makhleb

Shops:
D:2 !


Innate Abilities, Weirdness & Mutations

You are immune to poison.
You have sharp fingernails.
Your flesh is cold resistant. (rC+)
You are immune to negative energy. (rN+++)
You do not regenerate when monsters are visible.
You are immune to unholy pain and torment.
You thrive by killing the living.


Message History

The phantom completely misses you.
You barely miss the phantom.
The phantom is moderately damaged.
The phantom hits you.
You closely miss the phantom.
The phantom is moderately damaged.
The phantom hits you.
The phantom blinks!
You blink.
The phantom hits you.
* * * LOW HITPOINT WARNING * * *
The phantom blinks!
You blink.
You feel better.
The phantom hits you but does no damage.
It was a potion of brilliance.
You feel clever all of a sudden. The phantom hits you.
The phantom blinks!
You blink.
You completely miss the phantom.
The phantom is moderately damaged.
The phantom closely misses you. The phantom hits you.
* * * LOW HITPOINT WARNING * * *
The phantom blinks!
You blink.
It was a potion of resistance.
You feel protected. The phantom misses you.
You closely miss the phantom.
The phantom is moderately damaged.
The phantom hits you but does no damage.
You barely miss the phantom.
The phantom is moderately damaged.
The phantom misses you.
You closely miss the phantom.
The phantom is moderately damaged.
The phantom hits you.
* * * LOW HITPOINT WARNING * * *
The phantom blinks!
You blink.
Unknown command.
The phantom hits you.
* * * LOW HITPOINT WARNING * * *
The phantom blinks!
You blink.
The phantom hits you.
You die...

#.................
#.######.####.....
#.#...............
###...####.####.....
#>..........###.....
###.#..#.###..........
#..........#.####..###
#............# ##..#.
##....@.^...#.## ##..#
#......W.......# #...
#...#.#.#.######## #...
##..........#.....# #...
#.............###.###...
#....#.§................
#....##.##.######.##....
#.....§.##..............
##...#########..#.##..).


You could see a phantom.

Vanquished Creatures
  2 kobold brigands (Sewer)
  A quasit (Sewer)
  Natasha (D:2)
  A gnoll (D:1)
  3 adders
  3 shadow imps (Sewer)
  4 ribbon worms
  2 dart slugs
  2 ball pythons
  9 endoplasms
  5 giant cockroaches
  5 goblins
  5 hobgoblins
  3 jackals (D:3)
  16 kobolds
  4 quokkas
  6 bats
  5 frilled lizards
  2 rats (D:1)
79 creatures vanquished.

Vanquished Creatures (collateral kills)
  An adder (D:3)
  A hobgoblin (D:2)
  2 kobolds (Sewer)
  A ball python (D:1)
5 creatures vanquished.

Grand Total: 84 creatures vanquished

Notes
Turn   | Place    | Note
-------+----------+-------------------------------------------
     0 | D:1      | Fractals the Ghoul Necromancer began the quest for the Orb.
     0 | D:1      | Reached XP level 1. HP: 14/14 MP: 3/3
   296 | D:1      | Reached skill level 1 in Fighting
   296 | D:1      | Reached XP level 2. HP: 23/23 MP: 4/4
   465 | D:1      | Reached XP level 3. HP: 29/29 MP: 5/5
   517 | D:1      | Learned a level 3 spell: Vampiric Draining
  1000 | D:2      | Found Niupnud's Distillery.
  1130 | D:2      | Bought a potion of curing for 39 gold pieces
  1342 | D:2      | Reached XP level 4. HP: 33/36 MP: 7/7
  1930 | D:3      | Noticed Natasha
  1930 | D:3      | Found a burning altar of Makhleb.
  1980 | D:2      | Killed Natasha
  2199 | D:3      | Reached XP level 5. HP: 30/41 MP: 1/8
  2259 | D:3      | Identified the +2 robe of Day {*Corrode rF+ Will++ Str-3}
  2474 | D:3      | Found a glowing drain.
  2593 | Sewer    | Entered a sewer
  2901 | Sewer    | Found a burning altar of Makhleb.
  2901 | Sewer    | Noticed a kobold brigand
  3012 | Sewer    | Killed a kobold brigand
  3013 | Sewer    | Reached skill level 5 in Necromancy
  3013 | Sewer    | Reached skill level 1 in Evocations
  3013 | Sewer    | Reached XP level 6. HP: 22/50 MP: 1/10
  3512 | D:3      | Identified a scroll of acquirement
  3512 | D:3      | Acquired the Spellbook of Quantum Decomposition
  3910 | D:3      | Slain by a phantom

Illustrated notes

Levels and vault maps discovered:
D:1:      dpeg_arrival_long_road, layout_loops_ring
D:2:      layout_rooms, serial_shops, shop
D:3:      layout_basic, amcnicky_altar_gilded, cheibrodos_sewer_entry_bend,
          uniq_natasha
D:4:      layout_cave_pools, temple_hall, moated_statue

Skill      XL: |  1  2  3  4  5  6 |
---------------+-------------------+-----
Fighting       | 1 2 3 |  3.0
Stealth        | 3 |  3.5
Spellcasting   | 2 3 |  3.4
Dodging        | 2 |  2.0
Necromancy     | 5 |  5.3
Evocations     | 1 |  1.0

Action                     |  1- 3 |  4- 6 || total
---------------------------+-------+-------++-------
  Melee: Unarmed           |   139 |   230 ||   369
         Punch             |       |     1 ||     1
         Whip              |       |    30 ||    30
         Hand axe          |       |     6 ||     6
   Cast: Necrotise         |    11 |    18 ||    29
         Vampiric Draining |     1 |    11 ||    12
    Use: Scroll            |     2 |    10 ||    12
         Potion            |       |     4 ||     4
   Stab: Sleeping          |     3 |     4 ||     7
 Armour: Robe              |    54 |   245 ||   299
  Dodge: Dodged            |    82 |   203 ||   285
